 Dungeon Crawl Stone Soup version 0.21.1-1-g345015fe64 (webtiles) character file.

19942 archevel the Spear-Bearer (level 12, -4/106 HPs)
             Began as a Minotaur Fighter on May 11, 2018.
             Was an Elder of the Shining One.
             Slain by a six-headed hydra (11 damage)
             ... on level 3 of the Lair of Beasts on May 13, 2018.
             The game lasted 02:29:11 (14407 turns).

archevel the Spear-Bearer (Minotaur Fighter)       Turns: 14407, Time: 02:29:14

Health: -4/106     AC: 12    Str: 23    XL:     12   Next: 41%
Magic:  0/15       EV: 17    Int:  5    God:    the Shining One [****..]
Gold:   472        SH:  0    Dex: 16    Spells: 15/17 levels left

rFire    . . .     SeeInvis .   C - +2 trident "Qusky" {pierce, MR+}
rCold    . . .     Gourm    .   (no shield)
rNeg     + + .     Faith    .   S - +2 ring mail {rPois}
rPois    +         Spirit   +   (helmet restricted)
rElec    .         Reflect  .   M - scarf {Spirit}
rCorr    .         Harm     +   (no gloves)
MR       +....                  i - +2 pair of boots
Stlth    +.........             c - amulet of harm
HPRegen  0.27/turn              m - +3 ring of dexterity
MPRegen  0.14/turn              a - ring of poison resistance

@: about to teleport, glowing
A: retaliatory headbutt, horns 2
a: Divine Shield, Cleansing Flame, Renounce Religion


You were on level 3 of the Lair of Beasts.
You worshipped the Shining One.
The Shining One was greatly pleased with you.
You were not hungry.

You visited 4 branches of the dungeon, and saw 15 of its levels.

You collected 862 gold pieces.
You spent 390 gold pieces at shops.

Inventory:

Hand Weapons
 o - a +0 falchion of freezing
 C - the +2 trident "Qusky" (weapon) {pierce, MR+}
   (You found it on level 6 of the Dungeon)

   It inflicts extra damage upon your enemies.
   It affects your resistance to hostile enchantments.
 P - a +4 blowgun
Missiles
 Z - 2 tomahawks of returning (quivered)
Armour
 i - a +2 pair of boots (worn)
 s - a +0 plate armour of fire resistance
 M - a scarf of spirit shield (worn)
 S - a +2 ring mail of poison resistance (worn)
Jewellery
 a - a ring of poison resistance (right hand)
 c - an amulet of harm (around neck)
 h - an uncursed ring of ice
 m - a +3 ring of dexterity (left hand)
 p - a +2 ring of evasion
 V - an uncursed ring of see invisible
Wands
 K - a wand of iceblast (12)
 Q - a wand of flame (34)
Scrolls
 e - 5 scrolls of identify
 j - 5 scrolls of immolation {unknown}
 k - 7 scrolls of teleportation
 n - 3 scrolls of fog
 x - 8 scrolls of enchant weapon
 y - 2 scrolls of remove curse
 E - 3 scrolls of noise {unknown}
 F - 2 scrolls of amnesia {unknown}
 I - 2 scrolls of magic mapping {unknown}
 L - a scroll of enchant armour {unknown}
Potions
 b - a potion of heal wounds
 d - 2 potions of might
 l - a potion of cancellation {unknown}
 q - a potion of ambrosia {unknown}
 u - 4 potions of curing
 z - 3 potions of agility {unknown}
 B - 2 potions of flight {unknown}
 D - a potion of magic {unknown}
 H - 2 potions of invisibility {unknown}
 N - a potion of brilliance {unknown}
 O - a potion of degeneration {unknown}
 R - 3 potions of haste {unknown}
Books
 g - a book of Maledictions

   Spells                             Type                      Level
   a - Corona                         Hexes                        1
   b - Ensorcelled Hibernation        Hexes/Ice                    2
   c - Confuse                        Hexes                        3
   d - Tukima's Dance                 Hexes                        3
   e - Dazzling Spray                 Conjuration/Hexes            3
 r - a book of Misfortune

   Spells                             Type                      Level
   a - Confusing Touch                Hexes                        1
   b - Confuse                        Hexes                        3
   c - Gell's Gravitas                Translocation                3
   d - Petrify                        Transmutation/Earth          4
   e - Metabolic Englaciation         Hexes/Ice                    5
   f - Yara's Violent Unravelling     Hexes/Transmutation          5
 J - a book of Conjurations

   Spells                             Type                      Level
   a - Magic Dart                     Conjuration                  1
   b - Searing Ray                    Conjuration                  2
   c - Dazzling Spray                 Conjuration/Hexes            3
   d - Fulminant Prism                Conjuration/Hexes            4
   e - Force Lance                    Conjuration/Translocation    4
   f - Iskenderun's Mystic Blast      Conjuration                  4
Comestibles
 f - 24 rations


   Skills:
 - Level 10.1 Fighting
   Level 1.9 Short Blades
   Level 9.7(12.3) Axes
 + Level 12.3(13.5) Polearms
 + Level 2.3 Throwing
 * Level 10.4 Armour
 * Level 9.3 Dodging
 + Level 1.4 Stealth
   Level 4.1 Shields
 + Level 2.2 Unarmed Combat
 * Level 3.0 Spellcasting
 * Level 2.5 Conjurations
 + Level 0.3 Hexes
 + Level 0.1 Invocations


You had 15 spell levels left.
You knew the following spells:

 Your Spells              Type           Power        Failure   Level  Hunger
a - Confusing Touch       Hex            #.....       43%         1    ##.....
b - Magic Dart            Conj           #...         21%         1    ##.....


Dungeon Overview and Level Annotations

Branches:
Dungeon (10/15)            Temple (0/1) D:6            Lair (3/6) D:10
  Swamp (1/4) Lair:3        Snake (1/4) Lair:3
    Orc: D:9-12

Altars:
Ashenzari
Cheibriados
Dithmenos
Elyvilon
Nemelex Xobeh
Trog
Uskayaw
Xom
The Shining One

Shops:
D:7 %   D:8 [

Annotations:
D:10 Lair entrance
Lair:1 exclusion: 2 oklob plants
Snake:1 Aizul, Asterion


Innate Abilities, Weirdness & Mutations

You reflexively headbutt those who attack you in melee.
You have a pair of horns on your head.


Message History

The slime creature completely misses you.
The hornet stings you!
* * * LOW HITPOINT WARNING * * *
You feel yourself slow down.
The large slime creature closely misses you.
You climb upwards.
Welcome back to the Lair of Beasts!
There is a staircase to the Swamp here.
As you read the scroll of teleportation, it crumbles to dust.
You feel strangely unstable.
You feel yourself speed up. The spiny frog closely misses you.
The hornet closely misses you. The slime creature closely misses you.
You furiously retaliate!
You headbutt the slime creature! The slime creature misses you. x2
You furiously retaliate!
You headbutt the slime creature! The slime creature misses you.
The six-headed hydra barely misses you.
The six-headed hydra bites you but does no damage.
The six-headed hydra bites you!
* * * LOW HITPOINT WARNING * * *
The six-headed hydra bites you!
You die...

##...###....................
#..#.##.#..................
#..........................
##.......♣♣♣.♣......<.......
#.......♣≈≈♣♣♣♣.............
##.....♣♣♣≈≈.♣♣...........<.
#(....♣♣≈≈≈§≈≈≈♣.#.#P.P###..
##..##♣♣≈≈JJF≈≈♣.####..##...
#..##.♣≈≈J@y≈≈≈.##.#.###P..
#..#..≈≈≈DJJ≈≈♣.###...##...
#....♣.♣≈≈≈≈§♣≈............
#..†..♣≈≈≈≈≈♣♣♣.##.###.#P..
#..##+♣.♣♣♣≈♣...###.#####P.
##...#.#...♣♣♣...#########..
#...........................
##..........................
#...........................


You could see a six-headed hydra, a large slime creature, 4 slime creatures, a
spiny frog and a hornet.

Vanquished Creatures
  Fannar (Lair:1)
  Harold (Lair:1)
  A centaur warrior (D:9)
  2 two-headed ogres
  A catoblepas (Lair:2)
  Pikel (D:6)
  A mana viper (Snake:1)
  4 black mambas
  The ghost of PikkenKukken the Poker, a novice MiGl (D:6)
  4 spiny frogs
  A gargoyle (D:10)
  3 komodo dragons
  A rime drake (Lair:1)
  A polar bear (Lair:2)
  A troll (D:9)
  3 hippogriffs
  A wyvern (D:10)
  5 yaks (Lair:2)
  A wraith (D:10)
  A basilisk (Lair:3)
  A hungry ghost (D:7)
  Menkaure (D:5)
  7 vampire mosquitoes (Lair:3)
  A soldier ant (D:10)
  6 porcupines
  2 hell hounds (D:10)
  Purgy (D:3)
  4 water moccasins
  An eye of draining (D:9)
  2 orc warriors
  5 sky beasts
  4 phantoms
  3 ice beasts
  3 ogres
  5 wolves
  5 centaurs
  A big kobold (D:10)
  6 crocodiles
  10 bullfrogs
  A gnoll sergeant (D:6)
  3 scorpions
  A water moccasin skeleton (D:4)
  8 killer bees
  2 howler monkeys
  An electric eel (Lair:3)
  10 crimson imps
  3 bullfrog zombies
  A centaur zombie (D:10)
  3 jellies
  2 quasits
  6 orc priests
  A bullfrog skeleton (D:4)
  A gnoll shaman (D:7)
  4 hounds
  3 centaur skeletons
  Jessica (D:3)
  4 iguanas
  8 orc wizards
  Terence (D:3)
  9 worker ants
  Natasha (D:3)
  2 hound skeletons
  2 worker ant zombies
  A howler monkey skeleton (D:6)
  11 gnolls
  14 adders
  2 shadow imps
  An adder zombie (D:5)
  2 adder skeletons
  3 worms
  2 dart slugs
  7 leopard geckos
  41 orcs
  6 bats
  5 giant cockroaches
  6 goblins
  6 hobgoblins
  4 jackals (D:10)
  12 kobolds
  3 quokkas
  7 ball pythons
  2 frilled lizards
  6 rats
  A bush (Lair:3)
  A butterfly (Lair:1)
  3 plants
327 creatures vanquished.

Vanquished Creatures (others)
  2 fungi
  4 plants
6 creatures vanquished.

Grand Total: 333 creatures vanquished

Notes
Turn   | Place    | Note
-------+----------+-------------------------------------------
     0 | D:1      | archevel the Minotaur Fighter began the quest for the Orb.
     0 | D:1      | Reached XP level 1. HP: 19/19 MP: 0/0
   240 | D:1      | Reached XP level 2. HP: 27/27 MP: 1/1
   868 | D:2      | Reached XP level 3. HP: 24/33 MP: 2/2
  1310 | D:2      | Reached XP level 4. HP: 25/41 MP: 3/3
  1787 | D:3      | Found a snail-covered altar of Cheibriados.
  1854 | D:3      | Reached XP level 5. HP: 30/47 MP: 4/4
  1883 | D:3      | Noticed Terence
  2004 | D:3      | Killed Terence
  2066 | D:3      | Noticed Jessica
  2071 | D:3      | Killed Jessica
  2195 | D:3      | Reached skill level 1 in Dodging
  2198 | D:3      | Reached skill level 5 in Fighting
  2249 | D:3      | Noticed Natasha
  2255 | D:3      | Killed Natasha
  2255 | D:3      | Reached skill level 5 in Axes
  2298 | D:3      | Noticed Purgy
  2308 | D:3      | Killed Purgy
  2308 | D:3      | Reached skill level 5 in Armour
  2308 | D:3      | Reached XP level 6. HP: 50/56 MP: 5/5
  2524 | D:4      | Reached XP level 7. HP: 61/61 MP: 6/6
  2545 | D:4      | Learned a level 1 spell: Confusing Touch
  3017 | D:4      | Found a glowing golden altar of the Shining One.
  3027 | D:4      | Became a worshipper of the Shining One
  3046 | D:5      | Entered Level 5 of the Dungeon
  3108 | D:5      | Found a sand-covered staircase.
  3203 | D:5      | Reached XP level 8. HP: 67/70 MP: 7/7
  3221 | D:5      | Noticed Menkaure
  3229 | D:5      | Was placed under penance by the Shining One
  3231 | D:5      | Killed Menkaure
  3951 | D:6      | Reached skill level 1 in Unarmed Combat
  4008 | D:6      | Was forgiven by the Shining One
  4358 | D:6      | Reached XP level 9. HP: 77/78 MP: 8/8
  4372 | D:6      | Reached skill level 5 in Dodging
  4378 | D:6      | Got a bloodstained trident
  4379 | D:6      | Identified the +2 trident "Qusky" {pierce, MR+} (You found it on level 6 of the Dungeon)
  4402 | D:6      | Reached skill level 1 in Short Blades
  4407 | D:6      | Reached skill level 1 in Polearms
  4534 | D:6      | Noticed Pikel
  4536 | D:6      | Noticed PikkenKukken's ghost (novice MiGl)
  4547 | D:6      | Killed Pikel
  4547 | D:6      | Reached skill level 3 in Polearms
  4547 | D:6      | Reached skill level 1 in Stealth
  4558 | D:6      | Killed PikkenKukken's ghost
  4628 | D:6      | You fall through a shaft!
  4706 | D:6      | Reached skill level 4 in Polearms
  4938 | D:6      | Found a staircase to the Ecumenical Temple.
  5060 | D:7      | Reached * piety under the Shining One
  5150 | D:7      | Reached skill level 5 in Polearms
  5309 | D:7      | Found a shimmering altar of Xom.
  5312 | D:7      | Found a shattered altar of Ashenzari.
  5551 | D:7      | Reached skill level 6 in Polearms
  5573 | D:7      | Found Qoggainu's Food Boutique.
  5657 | D:7      | Reached XP level 10. HP: 65/86 MP: 9/9
  5836 | D:7      | Found a hide-covered altar of Uskayaw.
  5836 | D:7      | Found a white marble altar of Elyvilon.
  5837 | D:7      | Found a bloodstained altar of Trog.
  6265 | D:8      | Found Eggaffot's Armour Boutique.
  6290 | D:8      | Reached skill level 7 in Polearms
  6321 | D:8      | Reached ** piety under the Shining One
  6340 | D:8      | Bought a +0 plate armour of fire resistance for 390 gold pieces
  6464 | D:8      | Got a slimy robe
  6465 | D:8      | Identified the +1 robe "Mineenn" {-Cast +Blink rPois rN++} (You found it on level 8 of the Dungeon)
  6575 | D:8      | Noticed a two-headed ogre
  6580 | D:8      | Killed a two-headed ogre
  6580 | D:8      | Reached skill level 8 in Polearms
  6644 | D:8      | Learned a level 1 spell: Magic Dart
  6920 | D:9      | Found a sparkling altar of Nemelex Xobeh.
  6944 | D:9      | Found a shadowy altar of Dithmenos.
  7081 | D:9      | Noticed a centaur warrior
  7085 | D:9      | Killed a centaur warrior
  7085 | D:9      | Reached skill level 9 in Polearms
  7182 | D:9      | Reached skill level 1 in Spellcasting
  7569 | D:10     | Entered Level 10 of the Dungeon
  7626 | D:10     | Found a staircase to the Lair.
  7654 | D:10     | Reached XP level 11. HP: 83/95 MP: 11/11
  7684 | D:10     | Reached skill level 10 in Polearms
  7716 | D:10     | Noticed a two-headed ogre
  7719 | D:10     | Killed a two-headed ogre
  7874 | D:10     | Reached *** piety under the Shining One
  8631 | Lair:1   | Entered Level 1 of the Lair of Beasts
  8651 | Lair:1   | Noticed Fannar
  8665 | Lair:1   | Noticed Harold
  9003 | Lair:1   | Killed Fannar
  9003 | Lair:1   | Reached skill level 11 in Polearms
  9003 | Lair:1   | Reached skill level 1 in Throwing
  9221 | Lair:1   | Killed Harold
  9447 | Lair:1   | Noticed an oklob plant
  9454 | Lair:1   | Noticed an oklob plant
  9552 | Lair:1   | Got a warped hand axe
  9562 | Lair:1   | Reached skill level 10 in Fighting
  9602 | Lair:1   | Identified the +7 hand axe of the Neverending Dances {drain, +Fly MP+9 Dex+6 SInv} (You found it on level 1 of the Lair of Beasts)
 10585 | Lair:2   | Reached skill level 1 in Conjurations
 10948 | Lair:2   | Reached skill level 12 in Polearms
 10948 | Lair:2   | Reached skill level 10 in Armour
 10948 | Lair:2   | Reached XP level 12. HP: 78/106 MP: 9/13
 11343 | Lair:2   | Noticed a catoblepas
 11355 | Lair:2   | Killed a catoblepas
 12111 | Lair:3   | Found a staircase to the Snake Pit.
 12413 | Lair:2   | HP: 3/106 [komodo dragon (11)]
 12876 | Lair:3   | Found a staircase to the Swamp.
 13273 | Snake:1  | Entered Level 1 of the Snake Pit
 13273 | Snake:1  | Reached **** piety under the Shining One
 13891 | Snake:1  | Noticed an anaconda
 13892 | Snake:1  | Noticed Aizul
 14192 | Snake:1  | Noticed Asterion
 14398 | Swamp:1  | Entered Level 1 of the Swamp
 14398 | Swamp:1  | Noticed a six-headed hydra
 14407 | Lair:3   | Slain by a six-headed hydra

Skill      XL: |  1  2  3  4  5  6  7  8  9 10 11 12 |
---------------+-------------------------------------+-----
Shields        | 4 |  4.1
Fighting       | 4 5 6 7 8 10 | 10.1
Armour         | 4 5 6 7 8 10 | 10.4
Axes           | 3 5 6 8 9 |  9.7
Dodging        | 1 3 4 6 7 8 9 |  9.3
Unarmed Combat | 1 2 |  2.2
Short Blades   | 1 |  1.9
Polearms       | 6 9 12 | 12.3
Stealth        | 1 |  1.4
Spellcasting   | 1 3 |  3.0
Throwing       | 2 |  2.3
Conjurations   | 1 2 |  2.5
Hexes          | |  0.3
Invocations    | |  0.1

Action                   |  1- 3 |  4- 6 |  7- 9 | 10-12 || total
-------------------------+-------+-------+-------+-------++-------
Melee: War axe           |   108 |   106 |    45 |       ||   259
       Headbutt          |     9 |    25 |    75 |   105 ||   214
       Lajatang          |       |    10 |       |       ||    10
       Unarmed           |       |       |    94 |       ||    94
       Dagger            |       |       |    76 |       ||    76
       Punch             |       |       |     2 |     5 ||     7
       Trident           |       |       |   104 |   496 ||   600
Throw: Tomahawk          |       |       |       |    56 ||    56
 Cast: Confusing Touch   |       |       |     1 |       ||     1
       Magic Dart        |       |       |       |    30 ||    30
Invok: Divine Shield     |       |       |       |     4 ||     4
  Use: Scroll            |       |     6 |     4 |    11 ||    21
       Potion            |       |       |       |     1 ||     1
  Eat: Chunk             |     1 |     4 |     2 |     5 ||    12
       Ration            |       |     1 |     2 |     8 ||    11
Armor: Scale mail        |    58 |    56 |       |       ||   114
       Troll leather arm |       |     5 |    62 |     8 ||    75
       Plate armour      |       |       |       |   161 ||   161
       Ring mail         |       |       |       |    46 ||    46
Dodge: Dodged            |    50 |    77 |   237 |   285 ||   649
Block: Shield            |    25 |       |       |       ||    25
       Other             |       |       |       |     9 ||     9
